 Dungeon Crawl Stone Soup version 0.29.1-2-gbd0b4ee654 (webtiles) character file.

Game seed: 1110531828308819536

312 GloriousHammer the Chopper (level 6, -8/48 HPs)
             Began as a Ghoul Gladiator on Nov 18, 2022.
             Mangled by Crazy Yiuf
             ... wielding a +4 quarterstaff of chaos
              (10 damage)
             ... on level 3 of the Dungeon.
             The game lasted 00:04:19 (2364 turns).

GloriousHammer the Chopper (Ghoul Gladiator)        Turns: 2364, Time: 00:04:19

Health: -8/48      AC:  4    Str: 20    XL:     6   Next: 42%
Magic:  5/5        EV: 12    Int:  3    God:
Gold:   119        SH:  0    Dex: 10    Spells: 5/5 levels left

rFire   . . .      SeeInvis .   a - +0 war axe
rCold   + . .      Faith    .   (no shield)
rNeg    + + +      Spirit   .   b - +0 leather armour
rPois   ∞          Reflect  .   c - +0 helmet
rElec   .          Harm     .   (no cloak)
rCorr   .          Rampage  .   (no gloves)
Will    .....                   (no boots)
Stlth   +.........              (no amulet)
HPRegen 0.00/turn               (no ring)
MPRegen 0.09/turn               (no ring)

@: inhibited regen
A: claws 1, cold resistance 1, negative energy resistance 3, inhibited
regeneration, torment resistance 2, devour on kill
a: no special abilities


You were on level 3 of the Dungeon.
You visited 1 branch of the dungeon, and saw 3 of its levels.

You collected 119 gold pieces.

Inventory:

Hand Weapons
 a - a +0 war axe (weapon)
Missiles
 d - 3 throwing nets
 e - 3 javelins
 f - 28 stones
 t - 5 poisoned darts (quivered)
Armour
 b - a +0 leather armour (worn)
 c - a +0 helmet (worn)
 o - a +0 chain mail
Jewellery
 k - an amulet of guardian spirit
Scrolls
 h - 4 scrolls of identify {unknown}
 i - 2 scrolls of butterflies {unknown}
 j - 2 scrolls of brand weapon {unknown}
 m - a scroll of poison {unknown}
 n - 2 scrolls of blinking {unknown}
 q - a scroll of fear {unknown}
 r - 2 scrolls of teleportation {unknown}
Potions
 g - 2 potions of curing {unknown}
 l - 2 potions of attraction {unknown}
 p - a potion of berserk rage {unknown}
 s - a potion of resistance {unknown}


   Skills:
 - Level 2.1 Fighting
 + Level 4.4 Axes
 + Level 3.9 Throwing
 + Level 2.5 Armour
 - Level 2.6 Dodging


You had 5 spell levels left.
You didn't know any spells.
Your spell library contained the following spells:

 Spells                   Type           Power      Damage    Failure   Level
 Apportation              Tloc           0%         N/A       56%         1
 Necrotise                Necr           0%         1d4       56%         1
 Summon Small Mammal      Summ           0%         N/A       56%         1


Dungeon Overview and Level Annotations

Branches:
Dungeon (3/15)

Altars:

Annotations:
D:3 Crazy Yiuf


Innate Abilities, Weirdness & Mutations

You are immune to poison.
You have sharp fingernails.
Your flesh is cold resistant. (rC+)
You are immune to negative energy. (rN+++)
You do not regenerate when monsters are visible.
You are immune to unholy pain and torment.
You thrive by killing the living.


Message History

You slash the bat!
You kill the bat!
You see here a bat corpse.
Found a trident.
You now have 119 gold pieces (gained 13).
You see here a +0 hand axe.
j - 2 scrolls labelled XUOPAMABIO (gained 1)
You see here a +1 ring mail of willpower.
r - 2 scrolls labelled QIELIC OCA DYCS (gained 1)
Found a hammer.
Found a runed translucent door.
Crazy Yiuf shouts!
Crazy Yiuf grits, "Peeping canine mumblescurry!"
You open the door. You hit Crazy Yiuf but do no damage.
Crazy Yiuf hits you with a +4 quarterstaff of chaos!
You are electrocuted!
You closely miss Crazy Yiuf.
Crazy Yiuf hits you with a +4 quarterstaff of chaos!
* * * LOW HITPOINT WARNING * * *
Crazy Yiuf freezes you.
* * * LOW HITPOINT WARNING * * *
You hit Crazy Yiuf.
Crazy Yiuf is lightly wounded.
Crazy Yiuf closely misses you.
You slash Crazy Yiuf!
Crazy Yiuf is severely wounded.
Crazy Yiuf closely misses you.
Crazy Yiuf grits, "Peeping Hive ena!"
Crazy Yiuf hits you with a +4 quarterstaff of chaos!
* * * LOW HITPOINT WARNING * * *
You hit Crazy Yiuf but do no damage.
Crazy Yiuf is severely wounded.
Crazy Yiuf barely misses you.
You barely miss Crazy Yiuf. You claw Crazy Yiuf.
Crazy Yiuf is severely wounded.
Crazy Yiuf barely misses you.
You barely miss Crazy Yiuf.
Crazy Yiuf is severely wounded.
Crazy Yiuf hits you with a +4 quarterstaff of chaos!
You die...

#.......#.....####...
##########....# #.##
#....# ##... #####
#....###...# #)..#
#.........## #...#
#.........#. ...
#).######... #g#
#......##..# ♣@♣♣
#.####.##..# ♣♣.♣
#.........## ♣.♣♣
#...#.....# ♣♣.♣
#..[..##### ♣♣.♣♣
#...### ♣♣...♣ ##.##
♣..P.♣ #.# #....# #.#
##..#####.#


You could see Crazy Yiuf.

Vanquished Creatures
  Grinder (D:3)
  4 gnolls
  2 adders (D:2)
  A worm (D:2)
  A dart slug (D:1)
  3 endoplasms
  4 giant cockroaches
  7 goblins
  2 hobgoblins (D:3)
  4 kobolds
  2 quokkas
  A ball python (D:2)
  7 bats
  4 frilled lizards
  A rat (D:1)
44 creatures vanquished.

Notes
Turn   | Place    | Note
-------+----------+-------------------------------------------
     0 | D:1      | GloriousHammer the Ghoul Gladiator began the quest for the
                  | Orb.
     0 | D:1      | Reached XP level 1. HP: 17/17 MP: 0/0
   140 | D:1      | Found a faded altar of an unknown god.
   161 | D:1      | Reached skill level 3 in Axes
   161 | D:1      | Reached XP level 2. HP: 24/24 MP: 1/1
   841 | D:2      | Reached XP level 3. HP: 29/29 MP: 2/2
  1584 | D:3      | Reached XP level 4. HP: 30/36 MP: 3/3
  1648 | D:2      | Reached skill level 1 in Armour
  1980 | D:3      | Noticed Grinder
  2014 | D:3      | Killed Grinder
  2015 | D:3      | Reached skill level 4 in Axes
  2015 | D:3      | Reached XP level 5. HP: 32/41 MP: 4/4
  2015 | D:3      | Reached XP level 6. HP: 38/48 MP: 5/5
  2353 | D:3      | Found a runed translucent door.
  2354 | D:3      | Noticed Crazy Yiuf
  2361 | D:3      | HP: 2/48 [Crazy Yiuf/+4 quarterstaff of chaos (11)]
  2364 | D:3      | Mangled by Crazy Yiuf

Illustrated notes

Levels and vault maps discovered:
D:1:      dpeg_arrival_signposts, layout_basic, shapermc_ecumenical_altar_venn
D:2:      layout_loops_cross
D:3:      layout_rooms, small_statue_intersection, uniq_grinder,
          uniq_crazy_yiuf_cottage

Skill      XL: |  1  2  3  4 |
---------------+-------------+-----
Throwing       | 2 3 |  3.9
Axes           | 3 4 |  4.4
Armour         | 2 |  2.5
Fighting       | |  2.1
Dodging        | |  2.6

Action                   |  1- 3 |  4- 6 || total
-------------------------+-------+-------++-------
Melee: War axe           |    83 |    46 ||   129
       Punch             |     2 |     1 ||     3
Throw: Dart              |       |     7 ||     7
       Throwing net      |       |     6 ||     6
Armor: Leather armour    |    15 |    16 ||    31
Dodge: Dodged            |    72 |    34 ||   106
